 Dungeon Crawl Stone Soup version 0.20.1-1-g8b1a95d66d (webtiles) character file.

50 Jynx the Sneak (level 3, -6/25 HPs)
             Began as an Octopode Assassin on Dec 20, 2017.
             Killed by divine providence
             ... invoked by an orc priest
              (13 damage)
             ... on level 3 of the Dungeon.
             The game lasted 00:02:35 (1850 turns).

Jynx the Sneak (Octopode Assassin)                  Turns: 1850, Time: 00:02:37

Health: -6/25      AC:  1    Str: 10    XL:     3   Next: 79%
Magic:  3/3        EV: 13    Int: 13    God:
Gold:   148        SH:  0    Dex: 14    Spells: 2/2 levels left

rFire    . . .     SeeInvis .   a - +2 dagger
rCold    . . .     Gourm    .   (no shield)
rNeg     . . .     Faith    .   (helmet restricted)
rPois    .         Spirit   .   (no amulet)
rElec    .         Reflect  .   (no ring)
rCorr    .         Harm     .   (no ring)
MR       .....                  (no ring)
Stlth    ++++......             (no ring)
Regen    0.1/turn               (no ring)
MPRegen  0.1/turn               (no ring)
                                (no ring)
                                (no ring)

@: no status effects
A: almost no armour, stealthy swim, amphibious, 8 rings, constrict 8, camouflage
1, gelatinous body 1
a: no special abilities


You were on level 3 of the Dungeon.
You were near starving.

You visited 1 branch of the dungeon, and saw 3 of its levels.

You collected 148 gold pieces.

Inventory:

Hand Weapons
 a - a +2 dagger (weapon)
 b - a +0 blowgun
 g - a +2 vampiric dagger
Missiles
 c - 8 poisoned needles
 d - 7 curare-tipped needles
Jewellery
 l - an uncursed ring of fire {unknown}
Scrolls
 e - a scroll of enchant armour
 i - a scroll of remove curse
Potions
 h - a potion of flight {unknown}
 j - 2 potions of agility {unknown}
 m - a potion of degeneration {unknown}
Comestibles
 f - 2 bread rations


   Skills:
 + Level 2.4 Fighting
 * Level 3.1 Short Blades
 - Level 2.0 Throwing
 + Level 1.6 Dodging
 + Level 5.6 Stealth


You had 2 spell levels left.
You didn't know any spells.

Dungeon Overview and Level Annotations

Branches:
Dungeon (3/15)

Altars:
Vehumet


Innate Abilities, Weirdness & Mutations

You cannot wear most types of armour.
You are very stealthy in the water. (Stealth+)
You are amphibious.
You can wear up to eight rings at the same time.
You can use your tentacles to constrict eight enemies at once.
Your skin changes colour to match your surroundings (Stealth+).
Your rubbery body absorbs attacks. (AC +1, EV +1)


Message History

You now have 148 gold pieces (gained 7).
An orc priest comes into view. 2 orcs come into view.
The orc shouts! x2; You hear a shout! x4
The orc moves out of view.
The orc priest hits you.
You hit the orc priest. You grab the orc priest.
The orc priest is moderately wounded.
You constrict the orc priest.
The orc priest calls down the wrath of Beogh upon you.
Beogh smites you!
* * * LOW HITPOINT WARNING * * *
You are too injured to fight recklessly!
You are too injured to fight recklessly!
You hit the orc priest.
The orc priest is heavily wounded.
You constrict the orc priest.
The orc priest mumbles some strange prayers to Beogh against you.
Beogh smites you!
Ouch! That really hurt!
You die...

#. #. #. #. ###.
..o
#####o##########
#.....@........#
#.###.########.###
................#
..##.....####.#.#
..............<.#.#
.. ..#..#..###..#.#
# #.......#..#.#
#.....#.#.)#.#
#..........#.#


You could see an orc priest and an orc.

Vanquished Creatures
  An adder (D:2)
  2 dart slugs (D:1)
  2 leopard geckos (D:2)
  An orc (D:2)
  4 bats
  6 goblins
  6 hobgoblins
  A ball python (D:2)
  A frilled lizard (D:1)
  4 kobolds (D:1)
  5 rats
33 creatures vanquished.

Notes
Turn   | Place    | Note
-------+----------+-------------------------------------------
     0 | D:1      | Jynx the Octopode Assassin began the quest for the Orb.
     0 | D:1      | Reached XP level 1. HP: 14/14 MP: 1/1
   252 | D:1      | Reached XP level 2. HP: 19/19 MP: 2/2
  1024 | D:2      | Reached XP level 3. HP: 24/24 MP: 3/3
  1432 | D:2      | Found a radiant altar of Vehumet.
  1850 | D:3      | Killed from afar by an orc priest

Skill      XL: |  1  2  3 |
---------------+----------+-----
Short Blades   | 3 |  3.1
Fighting       | |  2.4
Throwing       | |  2.0
Dodging        | |  1.6
Stealth        | |  5.6

Action                   || total
-------------------------++-------
Melee: Dagger            ||    57
       Constrict         ||    12
       Tentacles         ||     8
  Use: Scroll            ||     4
 Stab: Sleeping          ||    13
  Eat: Chunk             ||     1
Armor: Skin              ||     1
Dodge: Dodged            ||    21
